 Dungeon Crawl Stone Soup version 0.30-a0-553-g7fabdf1491 (webtiles) character file.

Game seed: 17264300179541321571

121 p00ps00p the Shield-Bearer (level 5, 0/42 HPs)
             Began as a Formicid Fighter on Dec 27, 2022.
             Slain by a kobold brigand
             ... wielding a +0 club
              (7 damage)
             ... on level 4 of the Dungeon.
             The game lasted 00:02:36 (2615 turns).

p00ps00p the Shield-Bearer (Formicid Fighter)       Turns: 2615, Time: 00:02:37

Health: 0/42       AC:  9    Str: 23    XL:     5   Next: 26%
Magic:  5/5        EV:  7    Int:  7    God:
Gold:   133        SH:  5    Dex: 13    Spells: 4/4 levels left

rFire   . . .      SeeInvis +    a - +2 war axe (vorpal)
rCold   . . .      Faith    .    c - +0 buckler
rNeg    . . .      Spirit   .    l - +0 chain mail
rPois   .          Reflect  .    (helmet unavailable)
rElec   .          Harm     .    (no cloak)
rCorr   .          Rampage  .    (no gloves)
Will    .....                    (no boots) Stlth
                                 (no amulet)
HPRegen 0.27/turn                (no ring)
MPRegen 0.09/turn                (no ring)

@: mighty, lethally poisoned (0 -> -1)
A: permanent stasis, dig shafts and tunnels, antennae 3, four strong arms
a: Dig, Shaft Self


You were on level 4 of the Dungeon.
You visited 1 branch of the dungeon, and saw 4 of its levels.

You collected 133 gold pieces.

Inventory:

Hand Weapons
 a - a +2 vorpal war axe (weapon)
Armour
 c - a +0 buckler (worn)
 l - a +0 chain mail (worn)
Jewellery
 k - a ring of fire
Scrolls
 b - 2 scrolls of noise
Potions
 f - a potion of flight
 g - 4 potions of attraction
 h - 2 potions of berserk rage
 i - 2 potions of resistance {unknown}
 j - 4 potions of curing {unknown}
 o - 2 potions of mutation {unknown}
 p - 2 potions of haste {unknown}
 q - a potion of heal wounds {unknown}
 s - a potion of degeneration {unknown}


   Skills:
 + Level 4.2 Fighting
 + Level 3.0 Axes
 + Level 4.1 Armour
 + Level 5.0 Shields


You had 4 spell levels left.
You didn't know any spells.
Your spell library contained the following spells:

 Spells                   Type           Power      Damage    Failure   Level
 Magic Dart               Conj           0%         1d3       99%         1
 Searing Ray              Conj           0%         2d4       100%        2
 Summon Guardian Golem    Hex/Summ       0%         N/A       100%        3
 Fulminant Prism          Conj/Hex       0%         3d5       100%        4
 Freezing Cloud           Conj/Ice/Air   0%         6-21      100%        5
 Simulacrum               Ice/Necr       0%         N/A       100%        6
 Orb of Destruction       Conj           0%         9d5       100%        7
 Spellforged Servitor     Conj/Summ      0%         N/A       100%        7
 Polar Vortex             Ice            0%         N/A       100%        9


Dungeon Overview and Level Annotations

Branches:
Dungeon (4/15)
 Temple: D:4-7

Altars:


Innate Abilities, Weirdness & Mutations

You cannot be hasted, slowed, berserked, paralysed or teleported.
You can dig through walls and to a lower floor.
You have a pair of large antennae on your head. (SInv)
Your four strong arms can wield two-handed weapons with a shield.


Message History

You are too injured to fight recklessly!
You are too injured to fight recklessly!
You are too injured to fight recklessly!
You are too injured to fight recklessly!
You are too injured to fight recklessly!
You are too injured to fight recklessly!
You are too injured to fight recklessly!
You are too injured to fight recklessly!
You are too injured to fight recklessly!
You are too injured to fight recklessly!
You are too injured to fight recklessly!
You are too injured to fight recklessly!
You are too injured to fight recklessly!
You are too injured to fight recklessly!
You are too injured to fight recklessly!
You are too injured to fight recklessly!
You are too injured to fight recklessly!
You feel very mighty all of a sudden.
You feel sick.
The kobold brigand hits you with a +0 club.
A kobold comes into view. It is wielding a +0 dagger.
You barely miss the kobold brigand.
The kobold brigand is lightly wounded.
You feel sick.
The kobold shouts!
The kobold brigand barely misses you.
You slash the kobold brigand!
The kobold brigand is heavily wounded.
You feel sick.
The kobold brigand hits you but does no damage.
An orc comes into view. It is wielding a +0 club.
The kobold brigand hits you with a +0 club.
* * * LOW HITPOINT WARNING * * *
The orc wizard gestures wildly while chanting.
The orc wizard flickers and vanishes for a moment.
You barely miss the kobold brigand.
The kobold brigand is heavily wounded.
You barely miss the orc.
You feel sick.
The kobold brigand hits you with a +0 club!
You die...

#..........###
####.#........
#.#.###.###
.....#.....#####
#.#######).....#
## #.....###.#
..## #.###.# #.#
K...# # # #.#
#.###...#
#...###.###.o@K#
.............#.#
#######.###..{.#
#.# #o#>## #.#
#o#.# #.# #.#.#
#.# #.#o# #.#
#.o.# ## #.#
.o..#


You could see a kobold brigand, an orc wizard (invisible), 2 orcs and a kobold.

Vanquished Creatures
  Terence (D:2)
  3 adders (D:2)
  A white imp (D:4)
  A dart slug (D:3)
  7 orcs (D:3)
  8 bats
  3 endoplasms
  A giant cockroach (D:4)
  7 goblins
  5 hobgoblins
  A quokka (D:1)
  5 ball pythons
  2 frilled lizards
  4 kobolds
  4 rats (D:1)
53 creatures vanquished.

Notes
Turn   | Place    | Note
-------+----------+-------------------------------------------
     0 | D:1      | p00ps00p the Formicid Fighter began the quest for the Orb.
     0 | D:1      | Reached XP level 1. HP: 18/18 MP: 1/1
   201 | D:1      | Reached XP level 2. HP: 24/24 MP: 2/2
   629 | D:1      | Reached XP level 3. HP: 29/29 MP: 3/3
   930 | D:2      | Noticed Terence
   937 | D:2      | Killed Terence
  1024 | D:2      | Reached XP level 4. HP: 35/37 MP: 4/4
  1958 | D:3      | Reached XP level 5. HP: 33/42 MP: 5/5
  2574 | D:4      | Reached skill level 5 in Shields
  2607 | D:4      | Noticed a kobold brigand
  2615 | D:4      | Slain by a kobold brigand

Illustrated notes

Levels and vault maps discovered:
D:1:      lemuel_arrival_tunnels, layout_loops_ring
D:2:      layout_loops_cross, serial_forest, infiniplex_forest_corner_1,
          infiniplex_forest_clump_curved, infiniplex_forest_zigzag_2,
          infiniplex_forest_lined_2, infiniplex_forest_lined_3,
          infiniplex_forest_split, minmay_pentomino_x4, uniq_terence
D:3:      layout_basic, hangedman_abyss_or_decor_lesser_grid
D:4:      layout_loops_ring, mainiacjoe_overflow_paths

Skill      XL: |  1  2  3  4  5 |
---------------+----------------+-----
Fighting       | 4 |  4.2
Armour         | 4 |  4.1
Axes           | 3 |  3.0
Shields        | 5 |  5.0

Action                   |  1- 3 |  4- 6 || total
-------------------------+-------+-------++-------
Melee: War axe           |    47 |    91 ||   138
  Use: Scroll            |     5 |     7 ||    12
       Potion            |     1 |     1 ||     2
Armor: Scale mail        |    19 |       ||    19
       Chain mail        |     1 |    57 ||    58
Dodge: Dodged            |    15 |    41 ||    56
Block: Buckler           |    12 |    32 ||    44

Table legend: (Time is in decaauts)
 A = Elapsed time spent in this place.
 B = Non-inter-level travel time spent in this place.
 C = Inter-level travel time spent in this place.
 D = Time resting spent in this place.
 E = Time spent auto-exploring this place.
 F = Levels seen in this place.
 G = Mean time per level.
                   A        B        C        D        E       F      G
               +--------+--------+--------+--------+--------+-----+--------+
         Total |   2669 |   2578 |     91 |      0 |   2153 |   4 |  667.2 |
       Dungeon |   2669 |   2578 |     91 |      0 |   2153 |   4 |  667.2 |
               +--------+--------+--------+--------+--------+-----+--------+

Top non-repeatable levels by time:
     D:1: 919 daAuts
     D:2: 843 daAuts
     D:3: 813 daAuts
     D:4: 93 daAuts
